 Dungeon Crawl Stone Soup version 0.23.2-40-g277498a001 (webtiles) character file.

Game seed: 2305307366803535660

198 Exodus22XD the Magician (level 5, 0/28 HPs)
             Began as a Deep Elf Ice Elementalist on Sept 23, 2019.
             Shot with an arrow by a centaur (6 damage)
             ... on level 4 of the Dungeon.
             The game lasted 00:07:14 (2709 turns).

Exodus22XD the Magician (Deep Elf Ice Elementalist) Turns: 2709, Time: 00:07:14

Health: 0/28       AC:  4    Str:  5    XL:     5   Next: 47%
Magic:  14/14      EV: 13    Int: 21    God:
Gold:   173        SH:  0    Dex: 15    Spells: 6/14 levels left

rFire    . . .     SeeInvis .   d - +2 dagger (protect)
rCold    . . .     Gourm    .   (no shield)
rNeg     . . .     Faith    .   a - +0 robe
rPois    .         Spirit   .   f - +0 helmet
rElec    .         Reflect  .   (no cloak)
rCorr    .         Harm     .   j - +0 pair of gloves
MR       .....                  (no boots)
Stlth    ++........             (no amulet)
HPRegen  0.09/turn              (no ring)
MPRegen  0.14/turn              (no ring)

@: no status effects
A: no striking features
a: no special abilities


You were on level 4 of the Dungeon.
You were not hungry.

You visited 1 branch of the dungeon, and saw 4 of its levels.

You collected 173 gold pieces.

Inventory:

Hand Weapons
 d - a +2 dagger of protection (weapon)
Armour
 a - a +0 robe (worn)
 f - a +0 helmet (worn)
 j - a +0 pair of gloves (worn)
Jewellery
 k - an uncursed ring of magical power {unknown}
 m - an uncursed ring of flight
Scrolls
 b - a scroll of enchant weapon {unknown}
 e - 2 scrolls of identify {unknown}
 g - a scroll of random uselessness {unknown}
 i - a scroll of enchant armour {unknown}
 p - a scroll of fog {unknown}
 r - a scroll of amnesia {unknown}
 s - 2 scrolls of fear {unknown}
 u - a scroll of remove curse {unknown}
 w - a scroll of teleportation {unknown}
Potions
 h - 2 potions of brilliance {unknown}
 l - a potion of resistance {unknown}
 n - a potion of curing {unknown}
 o - a potion of agility {unknown}
 q - a potion of lignification {unknown}
 v - a potion of heal wounds {unknown}
Comestibles
 c - 9 rations
 t - 2 chunks of flesh


   Skills:
 - Level 2.4 Dodging
 - Level 2.4 Stealth
 - Level 5.3 Spellcasting
   Level 1.1 Conjurations
 + Level 1.9 Summonings
 - Level 5.2 Ice Magic


You had 6 spell levels left.
You knew the following spells:

 Your Spells              Type           Power        Failure   Level  Hunger
a - Freeze                Ice            ####         1%          1    None
b - Ozocubu's Armour      Chrm/Ice       ###.....     11%         3    ##.....
c - Summon Ice Beast      Ice/Summ       ###.....     24%         4    ####...

Your spell library contained the following spells:

 Spells                   Type           Power        Failure   Level  Hunger
 Throw Frost              Conj/Ice       ###...       4%          2    None
 Throw Icicle             Conj/Ice       ###.....     28%         4    ####...


Dungeon Overview and Level Annotations

Branches:
Dungeon (4/15)
 Temple: D:4-7

Altars:
Elyvilon
Fedhas
Hepliaklqana
Okawaru
Uskayaw

Shops:
D:4 *


Message History

You kill the frilled lizard!
Found a robe.
You stumble into a teleport trap!
You are suddenly yanked towards some nearby monsters!
Your surroundings suddenly seem different.
Found a blossoming altar of Fedhas.
A centaur and a phantom come into view.
The phantom moves out of view.
The centaur shouts!
The centaur completely misses something.
The centaur hits something but does no damage.
The centaur hits the bush but does no damage.
You open the door.
The centaur wields a +0 shortbow.
The centaur shoots an arrow.
The arrow hits you!
Found a glowing spear, a mace, a hand axe and a falchion.
Found an iron altar of Okawaru.
The centaur shoots an arrow.
The arrow hits you!
* * * LOW HITPOINT WARNING * * *
The centaur shoots an arrow.
The arrow hits you.
You die...

##. .. ... ..
).). #####
.##.._..
##....#..#.).).
...............
P PPP...#...##
P.PcP...@....#
P_PP.#(##......
# PPP...# .##$.
#..PP....# #
....W....#
.###.##### ...
#.# ..# ### ?[
#..# #.##..#


You could see a phantom and a centaur.

Vanquished Creatures
  A crimson imp (D:2)
  A gnoll (D:1)
  5 adders
  An ooze (D:2)
  A worm (D:2)
  5 leopard geckos
  5 orcs (D:4)
  2 giant cockroaches
  11 goblins
  9 hobgoblins
  9 jackals
  A quokka (D:2)
  3 ball pythons
  10 bats
  7 frilled lizards
  A jackal skeleton (D:4)
  7 kobolds
  8 rats
87 creatures vanquished.

Notes
Turn   | Place    | Note
-------+----------+-------------------------------------------
     0 | D:1      | Exodus22XD the Deep Elf Ice Elementalist began the quest
                  | for the Orb.
     0 | D:1      | Reached XP level 1. HP: 10/10 MP: 6/6
   141 | D:1      | Reached XP level 2. HP: 13/15 MP: 6/8
   602 | D:1      | Reached XP level 3. HP: 16/19 MP: 3/10
   871 | D:2      | Reached XP level 4. HP: 24/24 MP: 8/12
   933 | D:2      | Reached skill level 5 in Spellcasting
   933 | D:2      | Reached skill level 5 in Ice Magic
  1023 | D:2      | Found a hazy altar of Hepliaklqana.
  1277 | D:2      | Reached XP level 5. HP: 28/28 MP: 11/14
  1577 | D:3      | Learned a level 3 spell: Ozocubu's Armour
  1582 | D:3      | Learned a level 4 spell: Summon Ice Beast
  1645 | D:3      | Found a white marble altar of Elyvilon.
  1803 | D:3      | Reached skill level 1 in Summonings
  2562 | D:4      | Found a hide-covered altar of Uskayaw.
  2624 | D:4      | Found Reamargh's General Store.
  2704 | D:4      | Found a blossoming altar of Fedhas.
  2705 | D:4      | Noticed a centaur
  2705 | D:4      | Noticed a phantom
  2708 | D:4      | Found an iron altar of Okawaru.
  2709 | D:4      | Shot with an arrow by a centaur

Skill      XL: |  1  2  3  4  5 |
---------------+----------------+-----
Ice Magic      | 4 5 |  5.2
Spellcasting   | 4 5 |  5.3
Summonings     | 1 |  1.9
Dodging        | |  2.4
Stealth        | |  2.4
Conjurations   | |  1.1

Action                   |  1- 3 |  4- 6 || total
-------------------------+-------+-------++-------
Melee: Unarmed           |     4 |       ||     4
       Dagger            |    10 |    19 ||    29
 Cast: Freeze            |    55 |    65 ||   120
 Stab: Sleeping          |     2 |     2 ||     4
  Eat: Chunk             |       |     5 ||     5
Armor: Robe              |    18 |    17 ||    35
Dodge: Dodged            |    43 |    57 ||   100
